BreadTh, neutral male human Tourist ########### #----- # ---------- ---------------- #|....# ##...).....| |..............| ----- #|...|# |.........# |....{.........| |....######....|# -.-----.--# ##.............<.| |...| #|...|# # ## # # --------------.- |....######|...|# # # # # ##### |...| -----# #####`## # # # |....###############-.-.-################# # ### ----- # #|...|# #------.-.-------# # # #|...|# #|..............|# ### # #|...|# #|...>..........|# # ------ ####|.(.|# #................# ## ##+.@[)| # |...|# |..............| ---.- # |[.[[| ##....|# ---------------- |...| ### |.[[[| # -----# |...| # |.[.)| ################## |....######## |.[.@| ----- |...m| ------ BreadTh the Rambler Experience level: 2 Strength: 11 Dexterity: 14 Constitution: 16 Intelligence: 12 Wisdom: 9 Charisma: 14 Health: 0(16) Energy: 5(5) Def: 1 Gold: 690 Moves: 1297 Dungeon seed: IVXOeXi52QAp7ujz Game ID: BreadTh_1510048286 Your Inventory: Coins $ - 690 gold pieces Weapons a - 35 +2 darts (in quiver) t - a blessed +1 orcish dagger (weapon in hand) u - 8 +0 darts y - a +0 orcish dagger Armor e - an uncursed +0 Hawaiian shirt q - a blessed +0 orcish helm (being worn) z - an uncursed +0 orcish helm Comestibles b - 5 uncursed food rations c - 2 uncursed lembas wafers d - an uncursed tripe ration f - 2 uncursed sprigs of wolfsbane Scrolls j - 3 uncursed scrolls of magic mapping k - a blessed scroll of magic mapping s - an uncursed scroll of remove curse w - an uncursed scroll of light Potions i - 2 uncursed potions of extra healing Tools l - an expensive camera (0:67) m - an uncursed credit card n - an uncursed saddle Gems r - an uncursed worthless piece of black glass Spells and supernatural/magical abilities: Name Level Category Fail Memory W - pray for help -- divine ? -- Your skills at the end: Fighting Skills Weapon Skills dart [Basic] Spellcasting Skills Final Attributes: You were stridently aligned. You are dead. Vanquished creatures: a coyote 4 jackals a kobold 4 goblins 5 grid bugs a bat 2 lichens 4 newts 22 creatures vanquished. Voluntary challenges: You were an atheist. You used a wielded weapon 20 times, starting on turn 550. You were illiterate. You never genocided any monsters. You never polymorphed an object. You never changed form. You used no wishes. You never split a pudding. You never wrote Elbereth's name. You never violated your personal moral code. Dungeon overview: The Dungeons of Doom: levels 1 to 2 Level 1 some fountains a long staircase Level 2 <- You were here an armor shop, a fountain History has recorded: On T:1 you entered the Dungeons of Doom to retrieve the Amulet of Yendor! On T:494 you reached level 2 of The Dungeons of Doom. On T:551 you advanced to experience level 2. Score breakdown: Gold: 327 ( 8558 points) Experience: 2 levels ( 5570 points) Exploration: 2 levels ( 4.08%) ( 4330 points) Discoveries: 0 items ( 0.00%) ( 0 points) Valuables value: (no points given unless you survive) Artifact value: 0 ( 0 points) Variety of kills: 8 monsters ( 2.10%) ( 4347 points) Turncount: 1297 turns ( 0 points) Survival: died (score multiplied by 80%) Total score: 18244 Latest messages: You drop a conical hat (unpaid, 106 zorkmids). You drop an elven mithril-coat (unpaid, 333 zorkmids). Your movements are now unencumbered. You see here a ring mail (133 zorkmids). You see here 8 bamboo arrows (48 zorkmids). You see here a chain mail (100 zorkmids). You see here a banded mail (120 zorkmids). You see here a beaked polearm (10 zorkmids). You see here a studded leather armor (20 zorkmids). Wait! That's a small mimic! You hit the small mimic. The small mimic bumps right into you! You miss the small mimic. (3x) You hit the small mimic. The small mimic hits! You hit the small mimic. (2x) You miss the small mimic. You feel more confident in your weapon skills. You hit the small mimic. The small mimic hits! You die... Iskenderun gratefully inherits all your possessions. Final status: Aloha BreadTh the Tourist, killed by a small mimic... You died in The Dungeons of Doom on dungeon level 2 with 18244 points, and 690 pieces of gold, after 1297 moves. You were level 2 with a maximum of 16 hit points when you died.